 Dungeon Crawl Stone Soup version 0.27.1-33-g824d729ab1 (webtiles) character file.

Game seed: 11359701976377880705

182 vvl the Shield-Bearer (level 5, -2/52 HPs)
             Began as a Troll Fighter on Dec 25, 2021.
             Killed by divine providence
             ... invoked by an orc priest
              (12 damage)
             ... on level 4 of the Dungeon.
             The game lasted 00:04:53 (1564 turns).

vvl the Shield-Bearer (Troll Fighter)               Turns: 1564, Time: 00:04:53

Health: -2/52      AC:  4    Str: 24    XL:     5   Next: 34%
Magic:  5/5        EV:  8    Int:  5    God:
Gold:   100        SH:  9    Dex:  9    Spells: 5/5 levels left

rFire    . . .     SeeInvis .     - Unarmed
rCold    . . .     Faith    .   b - +0 kite shield
rNeg     . . .     Spirit   .   a - +0 robe
rPois    .         Reflect  .   (helmet restricted)
rElec    .         Harm     .   (no cloak)
rCorr    .         Rampage  .   (gloves unavailable)
Will     .....                  (boots unavailable)
Stlth    +.........             (no amulet)
HPRegen  1.17/turn              (no ring)
MPRegen  0.09/turn              (no ring)

@: no status effects
A: large, unfitting armour, claws 3, regeneration 1, shaggy fur 1, tough skin 1
a: no special abilities


You were on level 4 of the Dungeon.
You visited 1 branch of the dungeon, and saw 4 of its levels.

You collected 100 gold pieces.

Inventory:

Hand Weapons
 f - a +0 whip of electrocution
 l - a +1 dagger of venom
Missiles
 q - 2 throwing nets (quivered)
Armour
 a - a +0 robe (worn)
 b - a +0 kite shield (worn)
Wands
 j - a wand of mindburst (15)
Scrolls
 d - a scroll of magic mapping {unknown}
 h - a scroll of enchant weapon {unknown}
 k - 2 scrolls of identify {unknown}
 m - a scroll of torment {unknown}
 n - 2 scrolls of blinking {unknown}
 p - a scroll of vulnerability {unknown}
Potions
 c - a potion of might
 e - 2 potions of attraction {unknown}
 g - a potion of berserk rage {unknown}
 i - a potion of magic {unknown}
 o - a potion of cancellation {unknown}


   Skills:
 + Level 2.8 Fighting
 + Level 1.3 Armour
 + Level 2.8 Dodging
 + Level 2.9 Shields
 + Level 2.6 Unarmed Combat
 + Level 0.9 Spellcasting
 + Level 1.2 Necromancy
 + Level 1.4 Earth Magic


You had 5 spell levels left.
You didn't know any spells.
Your spell library was empty.

Dungeon Overview and Level Annotations

Branches:
Dungeon (4/15)
 Temple: D:4-7

Altars:
Trog


Innate Abilities, Weirdness & Mutations

You are too large for most types of armour.
You have claws for hands.
Your natural rate of healing is unusually fast.
You are covered in fur. (AC +1)
You have tough skin. (AC +1)


Message History

The orc hits you with a +0 mace.
An adder skeleton comes into view.
You claw the orc!
The orc is almost dead.
You block the orc's attack. x2
You claw the orc!
You kill the orc!
The orc hits you with a +0 falchion. The orc barely misses you.
Your shield prevents you from hitting the orc.
The orc hits you but does no damage.
You barely miss the orc. The orc hits you with a +0 club.
You block the orc's attack.
You closely miss the orc priest.
An adder comes into view.
You block the orc priest's attack. The orc barely misses you.
The orc hits you with a +0 falchion.
You barely miss the orc priest.
The orc priest mumbles some strange prayers to Beogh against you.
You barely resist.
The adder skeleton completely misses you.
The orc hits you with a +0 club. You block the orc's attack.
You scratch the orc priest.
The orc priest is lightly wounded.
The adder skeleton barely misses you.
The orc priest casts a cantrip, but nothing happens.
The orc closely misses you. The orc barely misses you.
You scratch the orc priest but do no damage.
The orc priest is lightly wounded.
You block the adder skeleton's attack. The orc priest barely misses you.
The orc hits you with a +0 falchion! You block the orc's attack.
The adder skeleton bites you.
The orc priest calls down the wrath of Beogh upon you.
Beogh smites you! The orc barely misses you.
The orc priest calls down the wrath of Beogh upon you.
Beogh smites you!
* * * LOW HITPOINT WARNING * * *
The orc priest invokes the aid of Beogh against you.
Beogh smites you!
You die...

#...........#.##
##..............#....##.
#<.............##.......
..............##....... .
..#......#...........# ?.
.........#...........###...
..............##...........
#.................o........
##..............@oSZo......
#.............#.###........
...........#..### #).....?.
..........##..## #........
†.........###..###.........
...........##..............
#.....#....#....#..........
#..........)...###...#.....
###..#.........# ##........


You could see an orc priest, an adder, 2 orcs and an adder skeleton.

Vanquished Creatures
  An orc wizard (D:3)
  Terence (D:3)
  2 adders
  4 gnolls
  6 orcs
  7 endoplasms
  2 giant cockroaches
  6 goblins
  3 hobgoblins
  4 jackals (D:1)
  5 quokkas
  9 ball pythons
  6 bats
  2 frilled lizards (D:1)
  7 kobolds
  A rat (D:3)
66 creatures vanquished.

Notes
Turn   | Place    | Note
-------+----------+-------------------------------------------
     0 | D:1      | vvl the Troll Fighter began the quest for the Orb.
     0 | D:1      | Reached XP level 1. HP: 22/22 MP: 0/0
   106 | D:1      | Reached XP level 2. HP: 21/29 MP: 1/1
   276 | D:1      | Reached XP level 3. HP: 28/36 MP: 2/2
   702 | D:2      | Reached skill level 1 in Earth Magic
   804 | D:2      | Found a faded altar of an unknown god.
  1048 | D:3      | Found a bloodstained altar of Trog.
  1088 | D:3      | Reached skill level 1 in Armour
  1088 | D:3      | Reached XP level 4. HP: 18/44 MP: 3/3
  1129 | D:3      | Noticed Terence
  1138 | D:3      | Killed Terence
  1139 | D:3      | Reached skill level 1 in Necromancy
  1452 | D:4      | Reached XP level 5. HP: 48/50 MP: 5/5
  1564 | D:4      | Killed from afar by an orc priest

Illustrated notes

Levels and vault maps discovered:
D:1:      lemuel_arrival_river_ford, layout_basic
D:2:      layout_rooms, dreamdust_ecumenical_altar_hidden_monk_grotto,
          grunt_decor_mini_mirrors
D:3:      layout_rooms, overflow_temple_1_default, uniq_terence
D:4:      layout_cave_pools

Skill      XL: |  1  2  3  4 |
---------------+-------------+-----
Earth Magic    | 1 |  1.4
Armour         | 1 |  1.3
Necromancy     | 1 |  1.2
Fighting       | |  2.8
Dodging        | |  2.8
Shields        | |  2.9
Unarmed Combat | |  2.6
Spellcasting   | |  0.9

Action                   |  1- 3 |  4- 6 || total
-------------------------+-------+-------++-------
Melee: Unarmed           |   126 |    57 ||   183
 Stab: Sleeping          |     1 |       ||     1
Armor: Robe              |    61 |    18 ||    79
Dodge: Dodged            |    50 |    29 ||    79
Block: Kite shield       |    70 |    25 ||    95
